AoeStats
← lamlam32

Arena

510914953Analyzed
4v4 RM · 5h ago on Oct 3, 2026· 16m 17s· 8 players
Game mode
Random Map
Map size
Large (8 player)
Population
200
Speed
Normal
Resources
Standard
Victory
Conquest
Starting age
Dark Age
Ending age
Imperial Age
RankedLock teamsTeams togetherTeam positionsShared explorationLock speedFull tech treeHidden civsTurbo modeCheats
Victory
Defeat
🇹🇼 Inca · Taiwan
1594
+14
🇹🇼 Varangians · Taiwan
1496
+18
🇭🇰 Bohemians · Hong Kong SAR China
1365
+23
🇹🇼 Franks · Taiwan
1252
+27
🇺🇸 Teutons · United States
1617
-24
🇺🇸 Mongols · United States
1526
-20
🇲🇽 Portuguese · Mexico
1502
-20
🇺🇸 Italians · United States
1463
-18
The Quadfather
10:50 Feudal Age
15:11 Castle Age
13:10 Double-Bit Axe
13:05 Horse Collar
Polestar
3:53 Loom
11:04 Feudal Age
15:10 Castle Age
13:08 Double-Bit Axe
13:11 Horse Collar
LEEEROY JEEENKINS!!!
8:55 Feudal Age
8:41 Loom
9:25 Double-Bit Axe
9:21 Horse Collar
Kanon
10:54 Feudal Age
14:35 Castle Age
12:21 Loom
12:33 Double-Bit Axe
12:55 Horse Collar
13:27 Gold Mining
15:38 Wheelbarrow
brady1014
10:20 Feudal Age
14:28 Castle Age
12:25 Double-Bit Axe
15:24 Gold Mining
15:50 Bow Saw
令人煩躁的海獺
5:43 Loom
8:38 Feudal Age
11:16 Double-Bit Axe
12:04 Fletching
Ma
10:59 Feudal Age
14:35 Castle Age
13:07 Double-Bit Axe
13:06 Horse Collar
15:03 Loom
15:55 Bow Saw
16:43 Husbandry
lamlam32
10:18 Feudal Age
9:33 Loom
11:45 Double-Bit Axe
14:14 Castle Age
12:18 Horse Collar
Connection lost

Rejoining the realm…

Still unreachable

The connection could not be restored.

Session expired

The server has moved on; the page needs a fresh start.